DAYTONA BEACH BODYBUILDERS vs CLEVELAND BUCCANEERS
Created - 4 novembre 2025 at 08:30
Goals
|
| DAYTONA BEACH BODYBUILDERS |
2 |
1 |
0 |
1 |
4 |
| CLEVELAND BUCCANEERS |
2 |
0 |
1 |
0 |
3 |
|
Shots
|
| DAYTONA BEACH BODYBUILDERS |
18 |
32 |
24 |
6 |
80 |
| CLEVELAND BUCCANEERS |
20 |
6 |
8 |
5 |
39 |
|
1st period
1. DAYTONA BEACH BODYBUILDERS , Kevin Rooney 5 (Matthew Savoie 8, Nicholas Robertson 9) at 0:29
2. CLEVELAND BUCCANEERS , Samuel Blais 2 (Tyson Jost 6, Hugh McGing 4) at 4:11 (PP)
3. CLEVELAND BUCCANEERS , Samuel Blais 3 (Hugh McGing 5, Tyson Jost 7) at 13:00 (PP)
4. DAYTONA BEACH BODYBUILDERS , Frederic Brunet 2 (Matthew Highmore 2, Antonio Stranges 3) at 16:30
Penalties :
Lucas Ciona (CLE) for Hooking (Minor) at 1:32, Jakub Brabenec (DAY) for Holding (Minor) at 3:58, Gage Goncalves (DAY) for Unsportsmanlike conduct (Minor) at 6:09, Hunter McDonald (DAY) for Holding (Minor) at 6:20, Shakir Mukhamadullin (DAY) for Hooking (Minor) at 11:41, Lucas Ciona (CLE) for Cross-checking (Minor) at 18:30
2nd period
5. DAYTONA BEACH BODYBUILDERS , Adam Edstrom 1 (Matthew Highmore 3, Kevin Rooney 8) at 3:57 (PP)
Penalties :
Connor Mackey (CLE) for Interference (Minor) at 2:58, Louis Domingue (CLE) for Slashing (Minor) at 15:25 - Connor Mackey served the penalty.
3rd period
6. CLEVELAND BUCCANEERS , Lucas Ciona 2 (Konsta Helenius 5, Mitch McLain 6) at 13:39
Penalties :
Adam Edstrom (DAY) for Hooking (Minor) at 15:55
Overtime #1
7. DAYTONA BEACH BODYBUILDERS , Gage Goncalves 10 (Trevor Carrick 1, Laurent Dauphin 15) at 4:40
Penalties :
No Penalty
Goalie Stats
Leevi Merilainen (DAY), 36 saves from 39 shots - (0,923), W, 4-1-0, 64:41 minutes
Louis Domingue (CLE), 76 saves from 80 shots - (0,950), OTL, 5-2-1, 64:41 minutes
Players Stats for DAYTONA BEACH BODYBUILDERS
Player Name G A P +/- PIM S H SB GA TA FO MP PP MP PK MP
------------------------------------------------------------------------------------
Adam Edstrom 1 0 1 0 2 7 0 0 0 0 0/0 10:58 2:23 0:00
Amadeus Lombardi 0 0 0 0 0 1 0 0 0 0 5/12 8:49 0:00 1:14
Antonio Stranges 0 1 1 0 0 4 0 0 0 0 8/12 9:25 0:35 0:00
Corey Schueneman 0 0 0 1 0 2 0 3 0 0 0/0 17:53 0:00 2:24
Frederic Brunet 1 0 1 0 0 3 1 1 0 0 0/0 15:23 0:42 1:45
Gage Goncalves 1 0 1 1 2 8 1 0 0 0 0/2 24:21 4:31 1:51
Georgii Merkulov 0 0 0 0 0 2 1 0 0 0 0/0 7:41 0:00 0:06
Hunter McDonald 0 0 0 1 2 0 3 0 0 0 0/0 18:36 0:00 1:23
Jakub Brabenec 0 0 0 0 2 0 1 0 0 0 0/0 7:40 0:00 0:06
Jonny Brodzinski 0 0 0 0 0 15 1 0 0 0 3/6 22:43 4:31 1:15
Kevin Rooney 1 1 2 1 0 7 9 0 0 0 4/8 20:19 1:52 2:30
Laurent Dauphin 0 1 1 1 0 7 4 0 0 0 30/47 23:54 4:31 1:09
Matthew Highmore 0 2 2 0 0 6 0 0 0 0 0/0 12:52 2:53 1:23
Matthew Savoie 0 1 1 1 0 2 0 0 0 0 13/37 18:22 2:25 0:00
Nicholas Robertson 0 1 1 1 0 10 2 0 0 0 1/1 21:42 4:03 0:00
Pavel Mintyukov 0 0 0 0 0 3 1 1 0 0 0/0 26:36 4:03 3:11
Shakir Mukhamadullin 0 0 0 0 2 2 0 1 0 0 0/0 23:45 2:11 2:13
Trevor Carrick 0 1 1 2 0 1 0 0 0 0 0/0 20:11 0:00 0:25
Players Stats for CLEVELAND BUCCANEERS
Player Name G A P +/- PIM S H SB GA TA FO MP PP MP PK MP
------------------------------------------------------------------------------------
Aleksi Heimosalmi 0 0 0 0 0 0 0 0 0 0 0/0 30:48 2:44 4:14
Calen Addison 0 0 0 -1 0 0 1 0 0 0 0/0 25:01 2:57 2:49
Cole Krygier 0 0 0 -1 0 1 4 1 0 0 0/0 15:43 0:00 1:00
Connor Mackey 0 0 0 -1 2 1 7 4 0 0 0/0 27:10 3:14 2:25
Danil Gushchin 0 0 0 0 0 4 1 0 0 0 0/0 10:31 0:00 0:00
Gabriel Fortier 0 0 0 0 0 0 0 2 0 0 0/0 7:05 0:29 0:00
Harrison Brunicke 0 0 0 0 0 0 0 0 0 0 0/0 1:11 0:00 0:04
Hugh McGing 0 2 2 0 0 6 0 1 0 0 7/15 26:00 3:32 0:00
Jake Leschyshyn 0 0 0 0 0 0 2 0 0 0 11/18 10:31 0:00 0:00
Konsta Helenius 0 1 1 -1 0 4 0 0 0 0 4/7 21:40 2:09 2:44
Lucas Ciona 1 0 1 -1 4 3 1 0 0 0 1/3 18:54 2:09 0:00
Matvey Petrov 0 0 0 0 0 0 0 0 0 0 0/0 0:00 0:00 0:00
Mitch McLain 0 1 1 -1 0 7 1 3 0 0 15/36 24:03 2:09 2:44
Rafael Harvey-Pinard 0 0 0 0 0 2 0 0 0 0 0/0 10:31 0:00 0:00
Samuel Blais 2 0 2 -1 0 5 0 1 0 0 5/18 23:31 3:32 4:12
Shane Bowers 0 0 0 0 0 0 0 0 0 0 2/2 6:36 0:00 0:00
Tyson Jost 0 2 2 -1 0 6 2 3 0 0 16/26 23:02 3:03 4:12
William Wallinder 0 0 0 -1 0 0 6 5 0 0 0/0 29:28 2:27 3:20
3 Stars
1 - Louis Domingue (CLE)
2 - Kevin Rooney (DAY)
3 - Samuel Blais (CLE)
Power Play
DAYTONA BEACH BODYBUILDERS - 1 on 4 Attempt(s) - 25,00%
CLEVELAND BUCCANEERS - 2 on 5 Attempt(s) - 40,00%
Penalty Kill
DAYTONA BEACH BODYBUILDERS - 3 on 5 Attempt(s) - 60,00%
- Score 0 goal in Penalty Kill
CLEVELAND BUCCANEERS - 3 on 4 Attempt(s) - 75,00%
- Score 0 goal in Penalty Kill
Team Stat
DAYTONA BEACH BODYBUILDERS - Hits : 24 - Faceoff Wins : 64 - Blocked Shots : 6 - Penalty Minutes : 10
CLEVELAND BUCCANEERS - Hits : 25 - Faceoff Wins : 61 - Blocked Shots : 20 - Penalty Minutes : 8
Official
Referees : Trevor Hanson and Dave Lewis
Linesman : Tyson Baker and Kyle Allen
Game Notes
No Game Note
DAYTONA BEACH BODYBUILDERS
5 vs 5 Forward
Center Left Wing Right Wing Time % Phy DF OF
1 Laurent Dauphin Gage Goncalves Jonny Brodzinski 40 0 2 3
2 Matthew Savoie Kevin Rooney Nicholas Robertson 40 1 2 2
3 Antonio Stranges Adam Edstrom Matthew Highmore 18 1 2 2
4 Amadeus Lombardi Jakub Brabenec Georgii Merkulov 2 1 3 1
5 vs 5 Defense
Defense Defense Time % Phy DF OF
1 Pavel Mintyukov Shakir Mukhamadullin 36 1 2 2
2 Trevor Carrick Hunter McDonald 36 1 2 2
3 Frederic Brunet Corey Schueneman 27 1 2 2
4 Trevor Carrick Pavel Mintyukov 1 1 2 2
PowerPlay Forward
Center Left Wing Right Wing Time % Phy DF OF
1 Laurent Dauphin Gage Goncalves Jonny Brodzinski 55 1 2 2
2 Matthew Savoie Kevin Rooney Adam Edstrom 45 1 2 2
PowerPlay Defense
Defense Defense Time % Phy DF OF
1 Pavel Mintyukov Nicholas Robertson 55 1 2 2
2 Matthew Highmore Shakir Mukhamadullin 45 1 2 2
Penalty Kill 4 Players Forward
Center Wing Time % Phy DF OF
1 Kevin Rooney Gage Goncalves 55 1 2 2
2 Jonny Brodzinski Matthew Highmore 45 1 2 2
Penalty Kill 4 Players Defense
Defense Defense Time % Phy DF OF
1 Pavel Mintyukov Shakir Mukhamadullin 55 1 2 2
2 Hunter McDonald Corey Schueneman 45 1 2 2
Penalty Kill - 3 Players Forward
Forward Time % Phy DF OF
1 Laurent Dauphin 55 1 2 2
2 Kevin Rooney 45 1 2 2
Penalty Kill - 3 Players Defense
Defense Defense Time % Phy DF OF
1 Pavel Mintyukov Shakir Mukhamadullin 55 1 2 2
2 Frederic Brunet Corey Schueneman 45 1 2 2
4 vs 4 Forward
Center Wing Time % Phy DF OF
1 Laurent Dauphin Gage Goncalves 55 1 2 2
2 Jonny Brodzinski Nicholas Robertson 45 1 2 2
4 vs 4 Defense
Defense Defense Time % Phy DF OF
1 Pavel Mintyukov Shakir Mukhamadullin 55 1 2 2
2 Trevor Carrick Corey Schueneman 45 1 2 2
Last Minutes Offensive
Center Left Wing Right Wing Defense Defense
Laurent Dauphin Gage Goncalves Jonny Brodzinski Pavel Mintyukov Shakir Mukhamadullin
Last Minutes Defensive
Center Left Wing Right Wing Defense Defense
Kevin Rooney Matthew Highmore Jonny Brodzinski Pavel Mintyukov Shakir Mukhamadullin
Goaltenders
Starting : Leevi Merilainen
Backup : Alexei Kolosov
Extra Forwards
Normal : Antonio Stranges, Georgii Merkulov, Amadeus Lombardi - PP : Antonio Stranges, Georgii Merkulov - PK : Amadeus Lombardi
Extra Defensemen
Normal : Frederic Brunet, Hunter McDonald, Corey Schueneman - PP : Frederic Brunet - PK : Frederic Brunet, Trevor Carrick
Penalty Shots
Laurent Dauphin, Gage Goncalves, Jonny Brodzinski, Nicholas Robertson, Matthew Savoie
Scratches
Alexander Suzdalev (Healthy), Jack Peart (Healthy), Gustav Lindstrom (Healthy), Felix Unger Sorum (Healthy), Marc-Andre Gaudet (Healthy)
Ian Moore (Healthy), Marek Alscher (Healthy), Michael Brandsegg-Nygard (Healthy), Rhett Pitlick (Healthy), Carter Gylander (Healthy)
Arturs Silovs (Healthy), Ty Young (Healthy)
CLEVELAND BUCCANEERS
5 vs 5 Forward
Center Left Wing Right Wing Time % Phy DF OF
1 Tyson Jost Samuel Blais Hugh McGing 36 1 2 2
2 Mitch McLain Lucas Ciona Konsta Helenius 31 1 2 2
3 Hugh McGing Gabriel Fortier Shane Bowers 23 1 2 2
4 Jake Leschyshyn Rafael Harvey-Pinard Danil Gushchin 10 1 2 2
5 vs 5 Defense
Defense Defense Time % Phy DF OF
1 Aleksi Heimosalmi Connor Mackey 36 1 2 2
2 William Wallinder Calen Addison 31 1 2 2
3 Aleksi Heimosalmi Cole Krygier 23 1 2 2
4 William Wallinder Connor Mackey 10 1 2 2
PowerPlay Forward
Center Left Wing Right Wing Time % Phy DF OF
1 Tyson Jost Samuel Blais Hugh McGing 55 1 2 2
2 Mitch McLain Lucas Ciona Konsta Helenius 45 1 2 2
PowerPlay Defense
Defense Defense Time % Phy DF OF
1 Aleksi Heimosalmi Connor Mackey 55 1 2 2
2 William Wallinder Calen Addison 45 1 2 2
Penalty Kill 4 Players Forward
Center Wing Time % Phy DF OF
1 Samuel Blais Tyson Jost 55 1 2 2
2 Konsta Helenius Mitch McLain 45 1 2 2
Penalty Kill 4 Players Defense
Defense Defense Time % Phy DF OF
1 Aleksi Heimosalmi Connor Mackey 55 1 2 2
2 William Wallinder Calen Addison 45 1 2 2
Penalty Kill - 3 Players Forward
Forward Time % Phy DF OF
1 Samuel Blais 55 1 2 2
2 Tyson Jost 45 1 2 2
Penalty Kill - 3 Players Defense
Defense Defense Time % Phy DF OF
1 Aleksi Heimosalmi Connor Mackey 55 1 2 2
2 William Wallinder Calen Addison 45 1 2 2
4 vs 4 Forward
Center Wing Time % Phy DF OF
1 Samuel Blais Tyson Jost 55 1 2 2
2 Hugh McGing Mitch McLain 45 1 2 2
4 vs 4 Defense
Defense Defense Time % Phy DF OF
1 Cole Krygier Connor Mackey 55 1 2 2
2 William Wallinder Calen Addison 45 1 2 2
Last Minutes Offensive
Center Left Wing Right Wing Defense Defense
Tyson Jost Samuel Blais Mitch McLain William Wallinder Connor Mackey
Last Minutes Defensive
Center Left Wing Right Wing Defense Defense
Tyson Jost Samuel Blais Mitch McLain William Wallinder Connor Mackey
Goaltenders
Starting : Louis Domingue
Backup : Cal Petersen
Extra Forwards
Normal : Hugh McGing, Gabriel Fortier, Shane Bowers - PP : Hugh McGing, Gabriel Fortier - PK : Shane Bowers
Extra Defensemen
Normal : Aleksi Heimosalmi, Cole Krygier, William Wallinder - PP : Aleksi Heimosalmi - PK : Cole Krygier, William Wallinder
Penalty Shots
Samuel Blais, Tyson Jost, Gabriel Fortier, Mitch McLain, Konsta Helenius
Scratches
Arttu Hyry (Healthy), Jonah Gadjovich (Healthy), Jimmy Huntington (Healthy), Julien Gauthier (Healthy), Riley Stillman (Healthy)
Trevor Connelly (Healthy), Magnus Chrona (Healthy)
% Time on Ice - DAYTONA BEACH BODYBUILDERS
Lines # - Real PCT - Wanted PCT - Time Play
Normal Forward
1 - 32% - 40% - 15:15
2 - 34% - 40% - 15:57
3 - 18% - 18% - 8:36
4 - 16% - 2% - 7:35
Normal Defense
1 - 36% - 36% - 17:14
2 - 36% - 36% - 17:13
3 - 27% - 27% - 12:56
4 - 0% - 1% - 0:00
PP Forward
1 - 65% - 55% - 4:31
2 - 35% - 45% - 2:25
PP Defense
1 - 58% - 55% - 4:03
2 - 42% - 45% - 2:53
PK Forward
1 - 64% - 55% - 2:30
2 - 36% - 45% - 1:23
PK Defense
1 - 59% - 55% - 2:18
2 - 41% - 45% - 1:35
PK3 Forward
1 - 64% - 55% - 1:09
2 - 36% - 45% - 0:39
PK3 Defense
1 - 49% - 55% - 0:53
2 - 51% - 45% - 0:55
44 Forward
1 - 64% - 55% - 2:59
2 - 36% - 45% - 1:42
44 Defense
1 - 46% - 55% - 2:08
2 - 54% - 45% - 2:33
Last Minute Offensive - 0:00
Last Minute Defensive - 0:00
Total
Forward - 64:41
Defense - 64:41
|
% Time on Ice - CLEVELAND BUCCANEERS
Lines # - Real PCT - Wanted PCT - Time Play
Normal Forward
1 - 28% - 36% - 13:29
2 - 35% - 31% - 16:47
3 - 14% - 23% - 6:36
4 - 22% - 10% - 10:31
Normal Defense
1 - 28% - 36% - 13:29
2 - 33% - 31% - 15:37
3 - 27% - 23% - 12:41
4 - 12% - 10% - 5:36
PP Forward
1 - 62% - 55% - 3:32
2 - 38% - 45% - 2:09
PP Defense
1 - 57% - 55% - 3:14
2 - 43% - 45% - 2:27
PK Forward
1 - 61% - 55% - 4:12
2 - 39% - 45% - 2:44
PK Defense
1 - 62% - 55% - 4:18
2 - 38% - 45% - 2:38
PK3 Forward
1 - 0% - 55%
2 - 0% - 45%
PK3 Defense
1 - 0% - 55%
2 - 0% - 45%
44 Forward
1 - 49% - 55% - 2:18
2 - 51% - 45% - 2:23
44 Defense
1 - 43% - 55% - 2:02
2 - 57% - 45% - 2:39
Last Minute Offensive - 0:00
Last Minute Defensive - 0:00
Total
Forward - 64:41
Defense - 64:41
|
Play-by-Play
1st period
0:01 of 1st period - Laurent Dauphin wins face-off versus Tyson Jost in neutral zone.
0:07 of 1st period - Shot by Samuel Blais.
0:07 of 1st period - Shot Misses the Net.
0:09 of 1st period - Shot by Tyson Jost.
0:09 of 1st period - Stopped by Leevi Merilainen without a rebound.
0:10 of 1st period - Mitch McLain wins face-off versus Matthew Savoie in DAYTONA BEACH BODYBUILDERS zone.
0:21 of 1st period - Shot by Kevin Rooney.
0:21 of 1st period - Shot Misses the Net.
0:25 of 1st period - Shot by Nicholas Robertson.
0:25 of 1st period - Shot Misses the Net.
0:27 of 1st period - Shot by Kevin Rooney.
0:27 of 1st period - Deflect By Matthew Savoie.
0:27 of 1st period - Shot Misses the Net.
0:29 of 1st period - Shot by Kevin Rooney.
0:29 of 1st period - Goal by Kevin Rooney - DAYTONA BEACH BODYBUILDERS : 1 - CLEVELAND BUCCANEERS : 0.
0:30 of 1st period - Hugh McGing wins face-off versus Antonio Stranges in neutral zone.
1:29 of 1st period - Shot by Rafael Harvey-Pinard.
1:29 of 1st period - Deflect By Danil Gushchin.
1:29 of 1st period - Shot Misses the Net.
1:31 of 1st period - Shot by Danil Gushchin.
1:31 of 1st period - Stopped by Leevi Merilainen without a rebound.
1:32 of 1st period - Laurent Dauphin wins face-off versus Mitch McLain in DAYTONA BEACH BODYBUILDERS zone.
1:32 of 1st period - Minor Penalty to Lucas Ciona for Hooking.
1:33 of 1st period - Samuel Blais wins face-off versus Gage Goncalves in CLEVELAND BUCCANEERS zone.
1:51 of 1st period - Mitch McLain is hit by Jonny Brodzinski and loses puck.
2:00 of 1st period - Shot by Gage Goncalves.
2:00 of 1st period - Stopped by Louis Domingue without a rebound.
2:01 of 1st period - Matthew Savoie wins face-off versus Samuel Blais in CLEVELAND BUCCANEERS zone.
2:24 of 1st period - Off-side.
2:25 of 1st period - Konsta Helenius wins face-off versus Laurent Dauphin in neutral zone.
2:34 of 1st period - Shot by Nicholas Robertson.
2:34 of 1st period - Shot Blocked by Connor Mackey.
2:46 of 1st period - Shot by Laurent Dauphin.
2:46 of 1st period - Stopped by Louis Domingue without a rebound.
2:47 of 1st period - Matthew Savoie wins face-off versus Samuel Blais in CLEVELAND BUCCANEERS zone.
2:48 of 1st period - Shot by Kevin Rooney.
2:48 of 1st period - Stopped by Louis Domingue without a rebound.
2:49 of 1st period - Laurent Dauphin wins face-off versus Samuel Blais in CLEVELAND BUCCANEERS zone.
2:50 of 1st period - Shot by Pavel Mintyukov.
2:50 of 1st period - Stopped by Louis Domingue without a rebound.
2:51 of 1st period - Samuel Blais wins face-off versus Laurent Dauphin in CLEVELAND BUCCANEERS zone.
3:04 of 1st period - Pavel Mintyukov is hit by Calen Addison and loses puck.
3:21 of 1st period - Shot by Nicholas Robertson.
3:21 of 1st period - Stopped by Louis Domingue without a rebound.
3:22 of 1st period - Matthew Savoie wins face-off versus Samuel Blais in CLEVELAND BUCCANEERS zone.
3:22 of 1st period - Matthew Highmore is hit by Connor Mackey.
3:38 of 1st period - Shot by Adam Edstrom.
3:38 of 1st period - Stopped by Louis Domingue with a rebound.
3:58 of 1st period - Minor Penalty to Jakub Brabenec for Holding.
3:59 of 1st period - Tyson Jost wins face-off versus Kevin Rooney in DAYTONA BEACH BODYBUILDERS zone.
4:11 of 1st period - Shot by Samuel Blais.
4:11 of 1st period - Goal by Samuel Blais - DAYTONA BEACH BODYBUILDERS : 1 - CLEVELAND BUCCANEERS : 1.
4:12 of 1st period - Laurent Dauphin wins face-off versus Jake Leschyshyn in neutral zone.
4:28 of 1st period - Icing by Pavel Mintyukov.
4:29 of 1st period - Tyson Jost wins face-off versus Laurent Dauphin in DAYTONA BEACH BODYBUILDERS zone.
4:44 of 1st period - Shot by Tyson Jost.
4:44 of 1st period - Stopped by Leevi Merilainen without a rebound.
4:45 of 1st period - Lucas Ciona wins face-off versus Matthew Savoie in DAYTONA BEACH BODYBUILDERS zone.
4:49 of 1st period - Icing by Kevin Rooney.
4:50 of 1st period - Tyson Jost wins face-off versus Matthew Savoie in DAYTONA BEACH BODYBUILDERS zone.
4:53 of 1st period - Shot by Hugh McGing.
4:53 of 1st period - Deflect By Tyson Jost.
4:53 of 1st period - Stopped by Leevi Merilainen with a rebound.
4:55 of 1st period - Shot by Tyson Jost.
4:55 of 1st period - Stopped by Leevi Merilainen with a rebound.
4:57 of 1st period - Shot by Connor Mackey.
4:57 of 1st period - Stopped by Leevi Merilainen without a rebound.
4:58 of 1st period - Laurent Dauphin wins face-off versus Samuel Blais in DAYTONA BEACH BODYBUILDERS zone.
5:13 of 1st period - Shot by Jonny Brodzinski.
5:13 of 1st period - Shot Misses the Net.
5:15 of 1st period - Shot by Pavel Mintyukov.
5:15 of 1st period - Shot Blocked by Connor Mackey.
5:17 of 1st period - Shot by Pavel Mintyukov.
5:17 of 1st period - Shot Blocked by Connor Mackey.
5:19 of 1st period - Shot by Pavel Mintyukov.
5:19 of 1st period - Shot Misses the Net.
5:21 of 1st period - Shot by Shakir Mukhamadullin.
5:21 of 1st period - Shot Blocked by Tyson Jost.
5:23 of 1st period - Shot by Shakir Mukhamadullin.
5:23 of 1st period - Stopped by Louis Domingue without a rebound.
5:24 of 1st period - Mitch McLain wins face-off versus Kevin Rooney in CLEVELAND BUCCANEERS zone.
5:24 of 1st period - Mitch McLain is hit by Nicholas Robertson.
5:39 of 1st period - Shot by Konsta Helenius.
5:39 of 1st period - Shot Misses the Net.
5:43 of 1st period - Shot by Mitch McLain.
5:43 of 1st period - Shot Misses the Net.
5:47 of 1st period - Shot by Lucas Ciona.
5:47 of 1st period - Stopped by Leevi Merilainen without a rebound.
5:48 of 1st period - Hugh McGing wins face-off versus Laurent Dauphin in DAYTONA BEACH BODYBUILDERS zone.
5:57 of 1st period - Shot by Laurent Dauphin.
5:57 of 1st period - Deflect By Gage Goncalves.
5:57 of 1st period - Shot Blocked by Gabriel Fortier.
6:09 of 1st period - Minor Penalty to Gage Goncalves for Unsportsmanlike conduct.
6:10 of 1st period - Kevin Rooney wins face-off versus Mitch McLain in DAYTONA BEACH BODYBUILDERS zone.
6:10 of 1st period - Kevin Rooney is hit by Lucas Ciona.
6:20 of 1st period - Minor Penalty to Hunter McDonald for Holding.
6:21 of 1st period - Tyson Jost wins face-off versus Laurent Dauphin in DAYTONA BEACH BODYBUILDERS zone.
6:22 of 1st period - Shot by Hugh McGing.
6:22 of 1st period - Shot Misses the Net.
6:24 of 1st period - Shot by Tyson Jost.
6:24 of 1st period - Stopped by Leevi Merilainen without a rebound.
6:25 of 1st period - Laurent Dauphin wins face-off versus Tyson Jost in DAYTONA BEACH BODYBUILDERS zone.
7:52 of 1st period - Shot by Mitch McLain.
7:52 of 1st period - Stopped by Leevi Merilainen without a rebound.
7:53 of 1st period - Kevin Rooney wins face-off versus Samuel Blais in DAYTONA BEACH BODYBUILDERS zone.
8:06 of 1st period - Shot by Tyson Jost.
8:06 of 1st period - Shot Misses the Net.
8:43 of 1st period - Shot by Danil Gushchin.
8:43 of 1st period - Shot Misses the Net.
8:45 of 1st period - Shot by Rafael Harvey-Pinard.
8:45 of 1st period - Stopped by Leevi Merilainen without a rebound.
8:46 of 1st period - Amadeus Lombardi wins face-off versus Mitch McLain in DAYTONA BEACH BODYBUILDERS zone.
9:51 of 1st period - Shot by Nicholas Robertson.
9:51 of 1st period - Shot Blocked by Cole Krygier.
9:53 of 1st period - Shot by Nicholas Robertson.
9:53 of 1st period - Shot Misses the Net.
10:08 of 1st period - Shot by Nicholas Robertson.
10:08 of 1st period - Stopped by Louis Domingue with a rebound.
10:15 of 1st period - Icing by Mitch McLain.
10:16 of 1st period - Mitch McLain wins face-off versus Laurent Dauphin in CLEVELAND BUCCANEERS zone.
11:41 of 1st period - Shot by Danil Gushchin.
11:41 of 1st period - Stopped by Leevi Merilainen without a rebound.
11:41 of 1st period - Minor Penalty to Shakir Mukhamadullin for Hooking.
11:42 of 1st period - Tyson Jost wins face-off versus Kevin Rooney in DAYTONA BEACH BODYBUILDERS zone.
11:57 of 1st period - Shot by Tyson Jost.
11:57 of 1st period - Stopped by Leevi Merilainen with a rebound.
12:01 of 1st period - Shot by Hugh McGing.
12:01 of 1st period - Deflect By Samuel Blais.
12:01 of 1st period - Shot Misses the Net.
12:03 of 1st period - Shot by Samuel Blais.
12:03 of 1st period - Stopped by Leevi Merilainen without a rebound.
12:04 of 1st period - Amadeus Lombardi wins face-off versus Mitch McLain in DAYTONA BEACH BODYBUILDERS zone.
12:11 of 1st period - Shot by Matthew Highmore.
12:11 of 1st period - Stopped by Louis Domingue without a rebound.
12:12 of 1st period - Kevin Rooney wins face-off versus Mitch McLain in CLEVELAND BUCCANEERS zone.
13:00 of 1st period - Shot by Samuel Blais.
13:00 of 1st period - Goal by Samuel Blais - DAYTONA BEACH BODYBUILDERS : 1 - CLEVELAND BUCCANEERS : 2.
13:01 of 1st period - Jake Leschyshyn wins face-off versus Amadeus Lombardi in neutral zone.
13:13 of 1st period - Georgii Merkulov is hit by William Wallinder and loses puck.
13:23 of 1st period - Amadeus Lombardi is hit by William Wallinder.
13:45 of 1st period - Off-side.
13:46 of 1st period - Hugh McGing wins face-off versus Matthew Savoie in neutral zone.
14:04 of 1st period - Hugh McGing is hit by Kevin Rooney and loses puck.
14:19 of 1st period - Shot by Nicholas Robertson.
14:19 of 1st period - Shot Blocked by Hugh McGing.
14:21 of 1st period - Shot by Nicholas Robertson.
14:21 of 1st period - Stopped by Louis Domingue without a rebound.
14:22 of 1st period - Laurent Dauphin wins face-off versus Mitch McLain in CLEVELAND BUCCANEERS zone.
14:55 of 1st period - Shot by Konsta Helenius.
14:55 of 1st period - Stopped by Leevi Merilainen without a rebound.
14:56 of 1st period - Antonio Stranges wins face-off versus Tyson Jost in DAYTONA BEACH BODYBUILDERS zone.
15:03 of 1st period - Shot by Adam Edstrom.
15:03 of 1st period - Stopped by Louis Domingue without a rebound.
15:04 of 1st period - Tyson Jost wins face-off versus Matthew Savoie in CLEVELAND BUCCANEERS zone.
15:04 of 1st period - Tyson Jost is hit by Nicholas Robertson.
15:20 of 1st period - Shot by Samuel Blais.
15:20 of 1st period - Stopped by Leevi Merilainen with a rebound.
15:31 of 1st period - Shot by Kevin Rooney.
15:31 of 1st period - Deflect By Nicholas Robertson.
15:31 of 1st period - Shot Misses the Net.
15:33 of 1st period - Shot by Kevin Rooney.
15:33 of 1st period - Shot Blocked by Tyson Jost.
15:35 of 1st period - Shot by Nicholas Robertson.
15:35 of 1st period - Shot Misses the Net.
15:37 of 1st period - Shot by Nicholas Robertson.
15:37 of 1st period - Stopped by Louis Domingue with a rebound.
15:39 of 1st period - Shot by Kevin Rooney.
15:39 of 1st period - Shot Misses the Net.
15:41 of 1st period - Shot by Nicholas Robertson.
15:41 of 1st period - Shot Blocked by Samuel Blais.
16:04 of 1st period - Laurent Dauphin is hit by William Wallinder and loses puck.
16:10 of 1st period - Laurent Dauphin is hit by William Wallinder.
16:20 of 1st period - Icing by Konsta Helenius.
16:21 of 1st period - Antonio Stranges wins face-off versus Lucas Ciona in CLEVELAND BUCCANEERS zone.
16:21 of 1st period - Matthew Highmore is hit by William Wallinder and loses puck.
16:24 of 1st period - Shot by Matthew Highmore.
16:24 of 1st period - Shot Blocked by William Wallinder.
16:28 of 1st period - Shot by Matthew Highmore.
16:28 of 1st period - Shot Blocked by Mitch McLain.
16:30 of 1st period - Shot by Frederic Brunet.
16:30 of 1st period - Goal by Frederic Brunet - DAYTONA BEACH BODYBUILDERS : 2 - CLEVELAND BUCCANEERS : 2.
16:31 of 1st period - Jake Leschyshyn wins face-off versus Amadeus Lombardi in neutral zone.
16:34 of 1st period - Georgii Merkulov is hit by Jake Leschyshyn and loses puck.
16:45 of 1st period - Shot by Danil Gushchin.
16:45 of 1st period - Shot Blocked by Corey Schueneman.
16:47 of 1st period - Shot by Rafael Harvey-Pinard.
16:47 of 1st period - Stopped by Leevi Merilainen without a rebound.
16:48 of 1st period - Laurent Dauphin wins face-off versus Mitch McLain in DAYTONA BEACH BODYBUILDERS zone.
16:55 of 1st period - Shot by Jonny Brodzinski.
16:55 of 1st period - Stopped by Louis Domingue without a rebound.
16:56 of 1st period - Tyson Jost wins face-off versus Matthew Savoie in CLEVELAND BUCCANEERS zone.
16:56 of 1st period - Tyson Jost is hit by Kevin Rooney.
17:03 of 1st period - Tyson Jost is hit by Kevin Rooney.
17:11 of 1st period - Shot by Hugh McGing.
17:11 of 1st period - Stopped by Leevi Merilainen without a rebound.
17:12 of 1st period - Mitch McLain wins face-off versus Jonny Brodzinski in DAYTONA BEACH BODYBUILDERS zone.
17:23 of 1st period - Shot by Mitch McLain.
17:23 of 1st period - Stopped by Leevi Merilainen with a rebound.
17:31 of 1st period - Shot by Jonny Brodzinski.
17:31 of 1st period - Stopped by Louis Domingue without a rebound.
17:32 of 1st period - Tyson Jost wins face-off versus Matthew Savoie in CLEVELAND BUCCANEERS zone.
17:32 of 1st period - Tyson Jost is hit by Kevin Rooney.
17:45 of 1st period - Kevin Rooney is hit by William Wallinder and loses puck.
17:48 of 1st period - Shot by Nicholas Robertson.
17:48 of 1st period - Shot Blocked by William Wallinder.
18:23 of 1st period - Icing by Kevin Rooney.
18:24 of 1st period - Mitch McLain wins face-off versus Kevin Rooney in DAYTONA BEACH BODYBUILDERS zone.
18:29 of 1st period - Shot by Konsta Helenius.
18:29 of 1st period - Deflect By Mitch McLain.
18:29 of 1st period - Shot Misses the Net.
18:30 of 1st period - Minor Penalty to Lucas Ciona for Cross-checking.
18:31 of 1st period - Laurent Dauphin wins face-off versus Konsta Helenius in CLEVELAND BUCCANEERS zone.
18:37 of 1st period - Gage Goncalves is hit by Connor Mackey and loses puck.
19:26 of 1st period - Shot by Adam Edstrom.
19:26 of 1st period - Stopped by Louis Domingue without a rebound.
19:27 of 1st period - Konsta Helenius wins face-off versus Matthew Savoie in CLEVELAND BUCCANEERS zone.
19:35 of 1st period - Icing by Shakir Mukhamadullin.
19:36 of 1st period - Konsta Helenius wins face-off versus Matthew Savoie in DAYTONA BEACH BODYBUILDERS zone.
19:59 of 1st period - Shot by Antonio Stranges.
19:59 of 1st period - Stopped by Louis Domingue without a rebound.
Goals for this period are 2 for DAYTONA BEACH BODYBUILDERS vs 2 for CLEVELAND BUCCANEERS.
Shots for this period are 18 for DAYTONA BEACH BODYBUILDERS vs 20 for CLEVELAND BUCCANEERS.
2nd period
0:01 of 2nd period - Laurent Dauphin wins face-off versus Samuel Blais in neutral zone.
0:40 of 2nd period - Shot by Matthew Highmore.
0:40 of 2nd period - Stopped by Louis Domingue without a rebound.
0:41 of 2nd period - Amadeus Lombardi wins face-off versus Mitch McLain in CLEVELAND BUCCANEERS zone.
0:42 of 2nd period - Shot by Georgii Merkulov.
0:42 of 2nd period - Shot Misses the Net.
0:52 of 2nd period - Shot by Frederic Brunet.
0:52 of 2nd period - Shot Misses the Net.
1:09 of 2nd period - Shot by Konsta Helenius.
1:09 of 2nd period - Shot Misses the Net.
1:11 of 2nd period - Shot by Connor Mackey.
1:11 of 2nd period - Shot Misses the Net.
1:13 of 2nd period - Shot by Mitch McLain.
1:13 of 2nd period - Shot Misses the Net.
1:21 of 2nd period - Shot by Lucas Ciona.
1:21 of 2nd period - Stopped by Leevi Merilainen without a rebound.
1:22 of 2nd period - Matthew Savoie wins face-off versus Tyson Jost in DAYTONA BEACH BODYBUILDERS zone.
2:16 of 2nd period - Icing by Cole Krygier.
2:17 of 2nd period - Jake Leschyshyn wins face-off versus Laurent Dauphin in CLEVELAND BUCCANEERS zone.
2:32 of 2nd period - Shot by Jonny Brodzinski.
2:32 of 2nd period - Stopped by Louis Domingue without a rebound.
2:33 of 2nd period - Mitch McLain wins face-off versus Antonio Stranges in CLEVELAND BUCCANEERS zone.
2:45 of 2nd period - Konsta Helenius is hit by Frederic Brunet.
2:47 of 2nd period - Shot by Mitch McLain.
2:47 of 2nd period - Shot Misses the Net.
2:58 of 2nd period - Minor Penalty to Connor Mackey for Interference.
2:59 of 2nd period - Laurent Dauphin wins face-off versus Samuel Blais in CLEVELAND BUCCANEERS zone.
3:04 of 2nd period - Shot by Pavel Mintyukov.
3:04 of 2nd period - Stopped by Louis Domingue without a rebound.
3:05 of 2nd period - Samuel Blais wins face-off versus Laurent Dauphin in CLEVELAND BUCCANEERS zone.
3:11 of 2nd period - Icing by Laurent Dauphin.
3:12 of 2nd period - Laurent Dauphin wins face-off versus Samuel Blais in DAYTONA BEACH BODYBUILDERS zone.
3:43 of 2nd period - Shot by Jonny Brodzinski.
3:43 of 2nd period - Stopped by Louis Domingue with a rebound.
3:45 of 2nd period - Shot by Jonny Brodzinski.
3:45 of 2nd period - Stopped by Louis Domingue without a rebound.
3:46 of 2nd period - Kevin Rooney wins face-off versus Konsta Helenius in CLEVELAND BUCCANEERS zone.
3:53 of 2nd period - Shot by Matthew Highmore.
3:53 of 2nd period - Shot Blocked by Mitch McLain.
3:57 of 2nd period - Shot by Adam Edstrom.
3:57 of 2nd period - Goal by Adam Edstrom - DAYTONA BEACH BODYBUILDERS : 3 - CLEVELAND BUCCANEERS : 2.
3:58 of 2nd period - Hugh McGing wins face-off versus Amadeus Lombardi in neutral zone.
4:07 of 2nd period - Shot by Shane Bowers.
4:07 of 2nd period - Shot Misses the Net.
4:52 of 2nd period - Off-side.
4:53 of 2nd period - Mitch McLain wins face-off versus Matthew Savoie in neutral zone.
5:13 of 2nd period - Shot by Kevin Rooney.
5:13 of 2nd period - Shot Blocked by William Wallinder.
5:15 of 2nd period - Shot by Kevin Rooney.
5:15 of 2nd period - Stopped by Louis Domingue without a rebound.
5:16 of 2nd period - Laurent Dauphin wins face-off versus Jake Leschyshyn in CLEVELAND BUCCANEERS zone.
5:27 of 2nd period - Shot by Jonny Brodzinski.
5:27 of 2nd period - Stopped by Louis Domingue without a rebound.
5:28 of 2nd period - Antonio Stranges wins face-off versus Lucas Ciona in CLEVELAND BUCCANEERS zone.
5:33 of 2nd period - Shot by Adam Edstrom.
5:33 of 2nd period - Shot Blocked by William Wallinder.
5:41 of 2nd period - Shot by Konsta Helenius.
5:41 of 2nd period - Deflect By Mitch McLain.
5:41 of 2nd period - Stopped by Leevi Merilainen without a rebound.
5:42 of 2nd period - Laurent Dauphin wins face-off versus Tyson Jost in DAYTONA BEACH BODYBUILDERS zone.
6:21 of 2nd period - Shot by Jonny Brodzinski.
6:21 of 2nd period - Deflect By Gage Goncalves.
6:21 of 2nd period - Stopped by Louis Domingue with a rebound.
7:18 of 2nd period - Shot by Frederic Brunet.
7:18 of 2nd period - Shot Misses the Net.
7:20 of 2nd period - Shot by Corey Schueneman.
7:20 of 2nd period - Stopped by Louis Domingue without a rebound.
7:21 of 2nd period - Mitch McLain wins face-off versus Amadeus Lombardi in CLEVELAND BUCCANEERS zone.
7:54 of 2nd period - Shot by Frederic Brunet.
7:54 of 2nd period - Stopped by Louis Domingue with a rebound.
7:56 of 2nd period - Shot by Corey Schueneman.
7:56 of 2nd period - Stopped by Louis Domingue with a rebound.
8:47 of 2nd period - Shot by Gage Goncalves.
8:47 of 2nd period - Shot Misses the Net.
8:49 of 2nd period - Shot by Jonny Brodzinski.
8:49 of 2nd period - Stopped by Louis Domingue without a rebound.
8:50 of 2nd period - Shane Bowers wins face-off versus Matthew Savoie in CLEVELAND BUCCANEERS zone.
9:04 of 2nd period - Off-side.
9:05 of 2nd period - Laurent Dauphin wins face-off versus Mitch McLain in neutral zone.
9:20 of 2nd period - Shot by Laurent Dauphin.
9:20 of 2nd period - Deflect By Jonny Brodzinski.
9:20 of 2nd period - Stopped by Louis Domingue without a rebound.
9:21 of 2nd period - Jake Leschyshyn wins face-off versus Matthew Savoie in CLEVELAND BUCCANEERS zone.
9:21 of 2nd period - Jake Leschyshyn is hit by Kevin Rooney.
9:37 of 2nd period - Shot by Nicholas Robertson.
9:37 of 2nd period - Stopped by Louis Domingue without a rebound.
9:38 of 2nd period - Laurent Dauphin wins face-off versus Mitch McLain in CLEVELAND BUCCANEERS zone.
10:09 of 2nd period - Shot by Laurent Dauphin.
10:09 of 2nd period - Stopped by Louis Domingue without a rebound.
10:10 of 2nd period - Tyson Jost wins face-off versus Matthew Savoie in CLEVELAND BUCCANEERS zone.
10:12 of 2nd period - Samuel Blais is hit by Kevin Rooney and loses puck.
10:33 of 2nd period - Shot by Samuel Blais.
10:33 of 2nd period - Stopped by Leevi Merilainen without a rebound.
10:34 of 2nd period - Antonio Stranges wins face-off versus Jake Leschyshyn in DAYTONA BEACH BODYBUILDERS zone.
10:34 of 2nd period - Antonio Stranges is hit by Jake Leschyshyn.
10:56 of 2nd period - Matthew Highmore is hit by Cole Krygier and loses puck.
10:59 of 2nd period - Shot by Antonio Stranges.
10:59 of 2nd period - Deflect By Matthew Highmore.
10:59 of 2nd period - Shot Misses the Net.
11:11 of 2nd period - Shot by Adam Edstrom.
11:11 of 2nd period - Deflect By Antonio Stranges.
11:11 of 2nd period - Stopped by Louis Domingue without a rebound.
11:12 of 2nd period - Laurent Dauphin wins face-off versus Tyson Jost in CLEVELAND BUCCANEERS zone.
11:17 of 2nd period - Shot by Gage Goncalves.
11:17 of 2nd period - Stopped by Louis Domingue without a rebound.
11:18 of 2nd period - Tyson Jost wins face-off versus Laurent Dauphin in CLEVELAND BUCCANEERS zone.
11:25 of 2nd period - Shot by Laurent Dauphin.
11:25 of 2nd period - Shot Blocked by William Wallinder.
11:27 of 2nd period - Shot by Shakir Mukhamadullin.
11:27 of 2nd period - Stopped by Louis Domingue with a rebound.
11:35 of 2nd period - Shot by Jonny Brodzinski.
11:35 of 2nd period - Stopped by Louis Domingue without a rebound.
11:36 of 2nd period - Matthew Savoie wins face-off versus Mitch McLain in CLEVELAND BUCCANEERS zone.
11:45 of 2nd period - Nicholas Robertson is hit by Connor Mackey and loses puck.
11:50 of 2nd period - Shot by Nicholas Robertson.
11:50 of 2nd period - Stopped by Louis Domingue without a rebound.
11:51 of 2nd period - Laurent Dauphin wins face-off versus Tyson Jost in CLEVELAND BUCCANEERS zone.
12:04 of 2nd period - Shot by Samuel Blais.
12:04 of 2nd period - Shot Blocked by Shakir Mukhamadullin.
12:06 of 2nd period - Shot by Tyson Jost.
12:06 of 2nd period - Deflect By Hugh McGing.
12:06 of 2nd period - Stopped by Leevi Merilainen without a rebound.
12:07 of 2nd period - Matthew Savoie wins face-off versus Mitch McLain in DAYTONA BEACH BODYBUILDERS zone.
12:16 of 2nd period - Shot by Nicholas Robertson.
12:16 of 2nd period - Deflect By Matthew Savoie.
12:16 of 2nd period - Stopped by Louis Domingue without a rebound.
12:17 of 2nd period - Hugh McGing wins face-off versus Laurent Dauphin in CLEVELAND BUCCANEERS zone.
12:17 of 2nd period - Hugh McGing is hit by Gage Goncalves.
12:38 of 2nd period - Shot by Hugh McGing.
12:38 of 2nd period - Stopped by Leevi Merilainen without a rebound.
12:39 of 2nd period - Mitch McLain wins face-off versus Matthew Savoie in DAYTONA BEACH BODYBUILDERS zone.
12:39 of 2nd period - Konsta Helenius is hit by Hunter McDonald and loses puck.
13:10 of 2nd period - Shot by Nicholas Robertson.
13:10 of 2nd period - Shot Misses the Net.
13:12 of 2nd period - Shot by Trevor Carrick.
13:12 of 2nd period - Stopped by Louis Domingue with a rebound.
14:14 of 2nd period - Shot by Adam Edstrom.
14:14 of 2nd period - Stopped by Louis Domingue with a rebound.
14:40 of 2nd period - Shot by Matthew Highmore.
14:40 of 2nd period - Stopped by Louis Domingue with a rebound.
14:53 of 2nd period - Icing by Danil Gushchin.
14:54 of 2nd period - Amadeus Lombardi wins face-off versus Jake Leschyshyn in CLEVELAND BUCCANEERS zone.
14:59 of 2nd period - Shot by Trevor Carrick.
14:59 of 2nd period - Shot Misses the Net.
15:21 of 2nd period - Shot by Amadeus Lombardi.
15:21 of 2nd period - Deflect By Georgii Merkulov.
15:21 of 2nd period - Stopped by Louis Domingue without a rebound.
15:22 of 2nd period - Matthew Savoie wins face-off versus Konsta Helenius in CLEVELAND BUCCANEERS zone.
15:23 of 2nd period - Shot by Kevin Rooney.
15:23 of 2nd period - Shot Misses the Net.
15:25 of 2nd period - Shot by Nicholas Robertson.
15:25 of 2nd period - Stopped by Louis Domingue without a rebound.
15:25 of 2nd period - Minor Penalty to Louis Domingue for Slashing.
15:26 of 2nd period - Laurent Dauphin wins face-off versus Samuel Blais in CLEVELAND BUCCANEERS zone.
15:52 of 2nd period - Shot by Nicholas Robertson.
15:52 of 2nd period - Shot Misses the Net.
15:54 of 2nd period - Shot by Laurent Dauphin.
15:54 of 2nd period - Stopped by Louis Domingue without a rebound.
15:55 of 2nd period - Konsta Helenius wins face-off versus Matthew Savoie in CLEVELAND BUCCANEERS zone.
15:55 of 2nd period - Konsta Helenius is hit by Kevin Rooney.
16:32 of 2nd period - Shot by Adam Edstrom.
16:32 of 2nd period - Shot Misses the Net.
17:26 of 2nd period - Shot by Matthew Highmore.
17:26 of 2nd period - Stopped by Louis Domingue without a rebound.
17:27 of 2nd period - Shane Bowers wins face-off versus Amadeus Lombardi in CLEVELAND BUCCANEERS zone.
17:27 of 2nd period - Hugh McGing is hit by Georgii Merkulov and loses puck.
17:41 of 2nd period - Shot by Georgii Merkulov.
17:41 of 2nd period - Shot Blocked by Gabriel Fortier.
17:55 of 2nd period - Shot by Georgii Merkulov.
17:55 of 2nd period - Stopped by Louis Domingue without a rebound.
17:56 of 2nd period - Antonio Stranges wins face-off versus Mitch McLain in CLEVELAND BUCCANEERS zone.
17:59 of 2nd period - Shot by Matthew Highmore.
17:59 of 2nd period - Stopped by Louis Domingue without a rebound.
18:00 of 2nd period - Mitch McLain wins face-off versus Laurent Dauphin in CLEVELAND BUCCANEERS zone.
18:00 of 2nd period - Konsta Helenius is hit by Laurent Dauphin and loses puck.
18:17 of 2nd period - Shot by Konsta Helenius.
18:17 of 2nd period - Shot Blocked by Pavel Mintyukov.
18:44 of 2nd period - Icing by Connor Mackey.
18:45 of 2nd period - Mitch McLain wins face-off versus Matthew Savoie in CLEVELAND BUCCANEERS zone.
18:47 of 2nd period - Icing by Konsta Helenius.
18:48 of 2nd period - Mitch McLain wins face-off versus Matthew Savoie in CLEVELAND BUCCANEERS zone.
18:48 of 2nd period - Lucas Ciona is hit by Kevin Rooney and loses puck.
19:03 of 2nd period - Shot by Kevin Rooney.
19:03 of 2nd period - Shot Misses the Net.
19:15 of 2nd period - Shot by Matthew Savoie.
19:15 of 2nd period - Stopped by Louis Domingue without a rebound.
19:16 of 2nd period - Tyson Jost wins face-off versus Antonio Stranges in CLEVELAND BUCCANEERS zone.
19:27 of 2nd period - Shot by Hugh McGing.
19:27 of 2nd period - Stopped by Leevi Merilainen without a rebound.
19:28 of 2nd period - Jonny Brodzinski wins face-off versus Hugh McGing in DAYTONA BEACH BODYBUILDERS zone.
19:46 of 2nd period - Shot by Pavel Mintyukov.
19:46 of 2nd period - Shot Misses the Net.
Goals for this period are 1 for DAYTONA BEACH BODYBUILDERS vs 0 for CLEVELAND BUCCANEERS.
Shots for this period are 32 for DAYTONA BEACH BODYBUILDERS vs 6 for CLEVELAND BUCCANEERS.
3rd period
0:01 of 3rd period - Matthew Savoie wins face-off versus Tyson Jost in neutral zone.
0:31 of 3rd period - Shot by Nicholas Robertson.
0:31 of 3rd period - Shot Misses the Net.
0:34 of 3rd period - Icing by Tyson Jost.
0:35 of 3rd period - Tyson Jost wins face-off versus Laurent Dauphin in CLEVELAND BUCCANEERS zone.
0:42 of 3rd period - Shot by Jonny Brodzinski.
0:42 of 3rd period - Stopped by Louis Domingue without a rebound.
0:43 of 3rd period - Laurent Dauphin wins face-off versus Mitch McLain in CLEVELAND BUCCANEERS zone.
0:44 of 3rd period - Shot by Gage Goncalves.
0:44 of 3rd period - Stopped by Louis Domingue with a rebound.
1:03 of 3rd period - Shot by Konsta Helenius.
1:03 of 3rd period - Shot Misses the Net.
1:05 of 3rd period - Shot by Mitch McLain.
1:05 of 3rd period - Deflect By Konsta Helenius.
1:05 of 3rd period - Stopped by Leevi Merilainen without a rebound.
1:06 of 3rd period - Antonio Stranges wins face-off versus Jake Leschyshyn in DAYTONA BEACH BODYBUILDERS zone.
1:06 of 3rd period - Antonio Stranges is hit by Danil Gushchin.
1:35 of 3rd period - Shot by Matthew Highmore.
1:35 of 3rd period - Stopped by Louis Domingue without a rebound.
1:36 of 3rd period - Tyson Jost wins face-off versus Matthew Savoie in CLEVELAND BUCCANEERS zone.
1:45 of 3rd period - Shot by Nicholas Robertson.
1:45 of 3rd period - Stopped by Louis Domingue without a rebound.
1:46 of 3rd period - Laurent Dauphin wins face-off versus Hugh McGing in CLEVELAND BUCCANEERS zone.
1:47 of 3rd period - Shot by Gage Goncalves.
1:47 of 3rd period - Stopped by Louis Domingue without a rebound.
1:48 of 3rd period - Tyson Jost wins face-off versus Matthew Savoie in CLEVELAND BUCCANEERS zone.
2:06 of 3rd period - Frederic Brunet is hit by Tyson Jost and loses puck.
2:19 of 3rd period - Shot by Kevin Rooney.
2:19 of 3rd period - Stopped by Louis Domingue without a rebound.
2:20 of 3rd period - Mitch McLain wins face-off versus Laurent Dauphin in CLEVELAND BUCCANEERS zone.
2:32 of 3rd period - Icing by Hunter McDonald.
2:33 of 3rd period - Jake Leschyshyn wins face-off versus Laurent Dauphin in DAYTONA BEACH BODYBUILDERS zone.
2:53 of 3rd period - Shot by Laurent Dauphin.
2:53 of 3rd period - Deflect By Jonny Brodzinski.
2:53 of 3rd period - Stopped by Louis Domingue with a rebound.
2:57 of 3rd period - Shot by Jonny Brodzinski.
2:57 of 3rd period - Stopped by Louis Domingue without a rebound.
2:58 of 3rd period - Tyson Jost wins face-off versus Matthew Savoie in CLEVELAND BUCCANEERS zone.
3:36 of 3rd period - Shot by Pavel Mintyukov.
3:36 of 3rd period - Stopped by Louis Domingue without a rebound.
3:37 of 3rd period - Laurent Dauphin wins face-off versus Mitch McLain in CLEVELAND BUCCANEERS zone.
3:49 of 3rd period - Gage Goncalves is hit by Connor Mackey.
3:52 of 3rd period - Laurent Dauphin is hit by Connor Mackey.
4:00 of 3rd period - Frederic Brunet is hit by Connor Mackey and loses puck.
4:11 of 3rd period - Shot by Jonny Brodzinski.
4:11 of 3rd period - Stopped by Louis Domingue with a rebound.
4:37 of 3rd period - Shot by Matthew Highmore.
4:37 of 3rd period - Shot Misses the Net.
4:55 of 3rd period - Shot by Matthew Highmore.
4:55 of 3rd period - Shot Misses the Net.
6:17 of 3rd period - Shot by Danil Gushchin.
6:17 of 3rd period - Stopped by Leevi Merilainen without a rebound.
6:18 of 3rd period - Amadeus Lombardi wins face-off versus Tyson Jost in DAYTONA BEACH BODYBUILDERS zone.
6:18 of 3rd period - Georgii Merkulov is hit by Tyson Jost.
6:26 of 3rd period - Shot by Tyson Jost.
6:26 of 3rd period - Shot Blocked by Frederic Brunet.
6:39 of 3rd period - Shot by Samuel Blais.
6:39 of 3rd period - Shot Blocked by Corey Schueneman.
6:51 of 3rd period - Shot by Amadeus Lombardi.
6:51 of 3rd period - Stopped by Louis Domingue with a rebound.
6:53 of 3rd period - Shot by Georgii Merkulov.
6:53 of 3rd period - Shot Misses the Net.
7:46 of 3rd period - Shot by Konsta Helenius.
7:46 of 3rd period - Stopped by Leevi Merilainen without a rebound.
7:47 of 3rd period - Jake Leschyshyn wins face-off versus Matthew Savoie in DAYTONA BEACH BODYBUILDERS zone.
7:51 of 3rd period - Danil Gushchin is hit by Pavel Mintyukov and loses puck.
8:02 of 3rd period - Cole Krygier is hit by Kevin Rooney and loses puck.
8:07 of 3rd period - Shot by Nicholas Robertson.
8:07 of 3rd period - Stopped by Louis Domingue without a rebound.
8:08 of 3rd period - Mitch McLain wins face-off versus Antonio Stranges in CLEVELAND BUCCANEERS zone.
8:30 of 3rd period - Shot by Adam Edstrom.
8:30 of 3rd period - Shot Blocked by Mitch McLain.
8:32 of 3rd period - Shot by Antonio Stranges.
8:32 of 3rd period - Stopped by Louis Domingue with a rebound.
8:34 of 3rd period - Shot by Adam Edstrom.
8:34 of 3rd period - Deflect By Matthew Highmore.
8:34 of 3rd period - Shot Hit the Post.
8:36 of 3rd period - Shot by Matthew Highmore.
8:36 of 3rd period - Deflect By Adam Edstrom.
8:36 of 3rd period - Stopped by Louis Domingue without a rebound.
8:37 of 3rd period - Jake Leschyshyn wins face-off versus Matthew Savoie in CLEVELAND BUCCANEERS zone.
8:47 of 3rd period - Shot by Kevin Rooney.
8:47 of 3rd period - Stopped by Louis Domingue without a rebound.
8:48 of 3rd period - Laurent Dauphin wins face-off versus Jake Leschyshyn in CLEVELAND BUCCANEERS zone.
8:57 of 3rd period - Icing by Danil Gushchin.
8:58 of 3rd period - Matthew Savoie wins face-off versus Jake Leschyshyn in CLEVELAND BUCCANEERS zone.
9:07 of 3rd period - Shot by Kevin Rooney.
9:07 of 3rd period - The goal is going for a video replay.
9:07 of 3rd period - The goal is refused.
9:08 of 3rd period - Laurent Dauphin wins face-off versus Mitch McLain in CLEVELAND BUCCANEERS zone.
9:16 of 3rd period - Icing by Connor Mackey.
9:17 of 3rd period - Matthew Savoie wins face-off versus Mitch McLain in CLEVELAND BUCCANEERS zone.
9:20 of 3rd period - Shot by Nicholas Robertson.
9:20 of 3rd period - Shot Misses the Net.
9:37 of 3rd period - Shot by Lucas Ciona.
9:37 of 3rd period - Shot Misses the Net.
9:39 of 3rd period - Shot by Mitch McLain.
9:39 of 3rd period - Shot Misses the Net.
9:41 of 3rd period - Shot by Konsta Helenius.
9:41 of 3rd period - Shot Misses the Net.
10:33 of 3rd period - Shot by Hugh McGing.
10:33 of 3rd period - Shot Misses the Net.
10:49 of 3rd period - Shot by Samuel Blais.
10:49 of 3rd period - Shot Misses the Net.
10:51 of 3rd period - Shot by Samuel Blais.
10:51 of 3rd period - Shot Misses the Net.
11:04 of 3rd period - Icing by Pavel Mintyukov.
11:05 of 3rd period - Jake Leschyshyn wins face-off versus Matthew Savoie in DAYTONA BEACH BODYBUILDERS zone.
11:32 of 3rd period - Shot by Jonny Brodzinski.
11:32 of 3rd period - Stopped by Louis Domingue without a rebound.
11:33 of 3rd period - Antonio Stranges wins face-off versus Mitch McLain in CLEVELAND BUCCANEERS zone.
12:04 of 3rd period - Shot by Matthew Highmore.
12:04 of 3rd period - Shot Misses the Net.
12:06 of 3rd period - Shot by Adam Edstrom.
12:06 of 3rd period - Stopped by Louis Domingue with a rebound.
12:08 of 3rd period - Shot by Adam Edstrom.
12:08 of 3rd period - Deflect By Antonio Stranges.
12:08 of 3rd period - Stopped by Louis Domingue with a rebound.
12:22 of 3rd period - Shot by Laurent Dauphin.
12:22 of 3rd period - Stopped by Louis Domingue without a rebound.
12:23 of 3rd period - Laurent Dauphin wins face-off versus Hugh McGing in CLEVELAND BUCCANEERS zone.
12:27 of 3rd period - Icing by Hugh McGing.
12:28 of 3rd period - Laurent Dauphin wins face-off versus Hugh McGing in CLEVELAND BUCCANEERS zone.
12:50 of 3rd period - Hugh McGing is hit by Hunter McDonald and loses puck.
13:05 of 3rd period - Cole Krygier is hit by Laurent Dauphin.
13:17 of 3rd period - Shot by Frederic Brunet.
13:17 of 3rd period - Stopped by Louis Domingue without a rebound.
13:18 of 3rd period - Antonio Stranges wins face-off versus Mitch McLain in CLEVELAND BUCCANEERS zone.
13:37 of 3rd period - Shot by Konsta Helenius.
13:37 of 3rd period - Shot Misses the Net.
13:39 of 3rd period - Shot by Lucas Ciona.
13:39 of 3rd period - Goal by Lucas Ciona - DAYTONA BEACH BODYBUILDERS : 3 - CLEVELAND BUCCANEERS : 3.
13:40 of 3rd period - Jake Leschyshyn wins face-off versus Amadeus Lombardi in neutral zone.
13:43 of 3rd period - Shot by Danil Gushchin.
13:43 of 3rd period - Stopped by Leevi Merilainen without a rebound.
13:44 of 3rd period - Jake Leschyshyn wins face-off versus Amadeus Lombardi in DAYTONA BEACH BODYBUILDERS zone.
13:53 of 3rd period - Danil Gushchin is hit by Jakub Brabenec and loses puck.
15:05 of 3rd period - Off-side.
15:06 of 3rd period - Mitch McLain wins face-off versus Matthew Savoie in neutral zone.
15:11 of 3rd period - Icing by Frederic Brunet.
15:12 of 3rd period - Matthew Savoie wins face-off versus Mitch McLain in DAYTONA BEACH BODYBUILDERS zone.
15:34 of 3rd period - Matthew Savoie is hit by Cole Krygier.
15:47 of 3rd period - Kevin Rooney is hit by Cole Krygier and loses puck.
15:55 of 3rd period - Minor Penalty to Adam Edstrom for Hooking.
15:56 of 3rd period - Tyson Jost wins face-off versus Jonny Brodzinski in DAYTONA BEACH BODYBUILDERS zone.
16:11 of 3rd period - Shot by Tyson Jost.
16:11 of 3rd period - Shot Misses the Net.
16:31 of 3rd period - Shot by Tyson Jost.
16:31 of 3rd period - Shot Blocked by Corey Schueneman.
17:01 of 3rd period - Shot by Konsta Helenius.
17:01 of 3rd period - Deflect By Lucas Ciona.
17:01 of 3rd period - Shot Misses the Net.
17:03 of 3rd period - Shot by Mitch McLain.
17:03 of 3rd period - Stopped by Leevi Merilainen with a rebound.
17:05 of 3rd period - Shot by Mitch McLain.
17:05 of 3rd period - Stopped by Leevi Merilainen with a rebound.
17:07 of 3rd period - Shot by Konsta Helenius.
17:07 of 3rd period - Stopped by Leevi Merilainen with a rebound.
17:09 of 3rd period - Shot by Connor Mackey.
17:09 of 3rd period - Shot Misses the Net.
18:14 of 3rd period - Danil Gushchin is hit by Hunter McDonald and loses puck.
18:54 of 3rd period - Off-side.
18:55 of 3rd period - Nicholas Robertson wins face-off versus Hugh McGing in neutral zone.
19:04 of 3rd period - Shot by Kevin Rooney.
19:04 of 3rd period - Stopped by Louis Domingue without a rebound.
19:05 of 3rd period - Jake Leschyshyn wins face-off versus Laurent Dauphin in CLEVELAND BUCCANEERS zone.
19:21 of 3rd period - Laurent Dauphin is hit by Connor Mackey and loses puck.
19:24 of 3rd period - Shot by Gage Goncalves.
19:24 of 3rd period - Stopped by Louis Domingue without a rebound.
19:25 of 3rd period - Matthew Savoie wins face-off versus Mitch McLain in CLEVELAND BUCCANEERS zone.
19:26 of 3rd period - Shot by Nicholas Robertson.
19:26 of 3rd period - Stopped by Louis Domingue without a rebound.
19:27 of 3rd period - Matthew Savoie wins face-off versus Tyson Jost in CLEVELAND BUCCANEERS zone.
Goals for this period are 0 for DAYTONA BEACH BODYBUILDERS vs 1 for CLEVELAND BUCCANEERS.
Shots for this period are 24 for DAYTONA BEACH BODYBUILDERS vs 8 for CLEVELAND BUCCANEERS.
Overtime #1
0:01 of 1st overtime period - Samuel Blais wins face-off versus Laurent Dauphin in neutral zone.
0:15 of 1st overtime period - Shot by Samuel Blais.
0:15 of 1st overtime period - Shot Misses the Net.
0:25 of 1st overtime period - Icing by Tyson Jost.
0:26 of 1st overtime period - Laurent Dauphin wins face-off versus Samuel Blais in CLEVELAND BUCCANEERS zone.
0:43 of 1st overtime period - Shot by Samuel Blais.
0:43 of 1st overtime period - Shot Hit the Post.
1:11 of 1st overtime period - Shot by Hugh McGing.
1:11 of 1st overtime period - Stopped by Leevi Merilainen with a rebound.
1:25 of 1st overtime period - Shot by Mitch McLain.
1:25 of 1st overtime period - Stopped by Leevi Merilainen without a rebound.
1:26 of 1st overtime period - Jonny Brodzinski wins face-off versus Samuel Blais in DAYTONA BEACH BODYBUILDERS zone.
1:40 of 1st overtime period - Shot by Jonny Brodzinski.
1:40 of 1st overtime period - Shot Blocked by Tyson Jost.
1:42 of 1st overtime period - Shot by Shakir Mukhamadullin.
1:42 of 1st overtime period - Shot Blocked by Connor Mackey.
1:54 of 1st overtime period - Shot by Jonny Brodzinski.
1:54 of 1st overtime period - Stopped by Louis Domingue without a rebound.
1:55 of 1st overtime period - Laurent Dauphin wins face-off versus Hugh McGing in CLEVELAND BUCCANEERS zone.
2:00 of 1st overtime period - Shot by Laurent Dauphin.
2:00 of 1st overtime period - Deflect By Gage Goncalves.
2:00 of 1st overtime period - Stopped by Louis Domingue without a rebound.
2:01 of 1st overtime period - Laurent Dauphin wins face-off versus Hugh McGing in CLEVELAND BUCCANEERS zone.
2:12 of 1st overtime period - Shot by Laurent Dauphin.
2:12 of 1st overtime period - Stopped by Louis Domingue without a rebound.
2:13 of 1st overtime period - Samuel Blais wins face-off versus Gage Goncalves in CLEVELAND BUCCANEERS zone.
2:13 of 1st overtime period - Samuel Blais is hit by Laurent Dauphin.
2:21 of 1st overtime period - Shot by Laurent Dauphin.
2:21 of 1st overtime period - Stopped by Louis Domingue with a rebound.
2:27 of 1st overtime period - Tyson Jost is hit by Laurent Dauphin and loses puck.
3:01 of 1st overtime period - Icing by Laurent Dauphin.
3:02 of 1st overtime period - Hugh McGing wins face-off versus Laurent Dauphin in DAYTONA BEACH BODYBUILDERS zone.
3:16 of 1st overtime period - Shot by Mitch McLain.
3:16 of 1st overtime period - Shot Misses the Net.
3:18 of 1st overtime period - Shot by Cole Krygier.
3:18 of 1st overtime period - Stopped by Leevi Merilainen with a rebound.
3:20 of 1st overtime period - Shot by Mitch McLain.
3:20 of 1st overtime period - Stopped by Leevi Merilainen without a rebound.
3:21 of 1st overtime period - Hugh McGing wins face-off versus Jonny Brodzinski in DAYTONA BEACH BODYBUILDERS zone.
3:28 of 1st overtime period - Shot by Hugh McGing.
3:28 of 1st overtime period - Stopped by Leevi Merilainen without a rebound.
3:29 of 1st overtime period - Jonny Brodzinski wins face-off versus Hugh McGing in DAYTONA BEACH BODYBUILDERS zone.
3:29 of 1st overtime period - Jonny Brodzinski is hit by Mitch McLain.
4:07 of 1st overtime period - Shot by Nicholas Robertson.
4:07 of 1st overtime period - Shot Misses the Net.
4:23 of 1st overtime period - Shot by Antonio Stranges.
4:23 of 1st overtime period - Shot Misses the Net.
4:25 of 1st overtime period - Shot by Laurent Dauphin.
4:25 of 1st overtime period - Stopped by Louis Domingue without a rebound.
4:26 of 1st overtime period - Laurent Dauphin wins face-off versus Samuel Blais in CLEVELAND BUCCANEERS zone.
4:30 of 1st overtime period - Laurent Dauphin is hit by Cole Krygier.
4:40 of 1st overtime period - Shot by Gage Goncalves.
4:40 of 1st overtime period - Goal by Gage Goncalves - DAYTONA BEACH BODYBUILDERS : 4 - CLEVELAND BUCCANEERS : 3.
Goals for this period are 1 for DAYTONA BEACH BODYBUILDERS vs 0 for CLEVELAND BUCCANEERS.
Shots for this period are 6 for DAYTONA BEACH BODYBUILDERS vs 5 for CLEVELAND BUCCANEERS.
Back to the Top